 Dungeon Crawl Stone Soup version 0.27.1-34-g3ba077fa99 (webtiles) character file.

Game seed: 7486153351887765607

44 cbfl8 the Sneak (level 3, 0/28 (33) HPs)
             Began as a Minotaur Delver on Jan 17, 2022.
             Slain by a necrophage (7 damage)
             ... on level 6 of the Dungeon.
             The game lasted 00:01:46 (437 turns).

cbfl8 the Sneak (Minotaur Delver)                    Turns: 437, Time: 00:01:47

HP:   0/28 (33)     AC:  3    Str: 16    XL:     3   Next: 41%
MP:   2/2           EV: 12    Int:  8    God:
Gold: 5             SH:  0    Dex: 11    Spells: 2/2 levels left

rFire    . . .     SeeInvis .   a - +0 hand axe
rCold    . . .     Faith    .   (no shield)
rNeg     . . .     Spirit   .   b - +0 leather armour
rPois    .         Reflect  .   (helmet restricted)
rElec    .         Harm     .   (no cloak)
rCorr    .         Rampage  .   (no gloves)
Will     .....                  (no boots)
Stlth    ++........             (no amulet)
HPRegen  0.09/turn              (no ring)
MPRegen  0.08/turn              (no ring)

@: heavily drained
A: horns 2, retaliatory headbutt
a: no special abilities


You were on level 6 of the Dungeon.
You visited 1 branch of the dungeon, and saw 2 of its levels.

You collected 5 gold pieces.

Inventory:

Hand Weapons
 a - a +0 hand axe (weapon)
Armour
 b - a +0 leather armour (worn)
Wands
 g - a wand of digging (3)
Scrolls
 c - a scroll of fog
 d - a scroll of magic mapping
 e - a scroll of fear
Potions
 f - a potion of haste


   Skills:
 + Level 3.9 Fighting
 + Level 2.5 Axes
 + Level 0.3 Armour
 + Level 2.3 Dodging
 + Level 4.9 Stealth


You had 2 spell levels left.
You didn't know any spells.
Your spell library was empty.

Dungeon Overview and Level Annotations

Branches:
Dungeon (6/15)
 Temple: D:4-7

Altars:

Shops:
D:5 =*:

Annotations:
D:6 Pikel


Innate Abilities, Weirdness & Mutations

You have a pair of horns on your head.
You reflexively headbutt those who attack you in melee.


Message History

Found a white potion and a club.
There is a stone staircase leading up here.
You hit the necrophage.
The necrophage is lightly damaged.
The lemure shouts!
You hear a shout! x3
The necrophage closely misses you. You furiously retaliate!
You headbutt the necrophage!
The necrophage hits you but does no damage.
You hit the necrophage.
The necrophage is heavily damaged.
A lemure comes into view.
The necrophage hits you.
You feel drained.
The lemure shouts!
You hit the necrophage.
The necrophage is severely damaged.
The necrophage hits you.
You feel drained.
Pikel the Slaver comes into view.
He is wielding a +2 whip of freezing and wearing a +0 robe of willpower.
You hit the necrophage. You headbutt the necrophage.
The necrophage is almost destroyed.
The necrophage hits you but does no damage.
Pikel says, "You'll feel the lick of my whip!"
You hit the necrophage but do no damage.
Your headbutt misses the necrophage.
The necrophage is almost destroyed.
A lemure comes into view.
The necrophage barely misses you.
You hit the necrophage but do no damage.
You headbutt the necrophage.
The necrophage is almost destroyed.
The necrophage hits you.
You feel drained.
You closely miss the necrophage.
The necrophage is almost destroyed.
The necrophage hits you.
You feel drained.
A lemure comes into view.
The necrophage hits you!
* * * LOW HITPOINT WARNING * * *
You barely miss the necrophage.
The necrophage is almost destroyed.
The necrophage hits you!
You die...

#.# .#
.5. .)
##!. .
#.5#.#
#5.#.


YK5 #n# #@# ### You could see Pikel, an ice beast, 4 lemures and a necrophage.

Vanquished Creatures
  A hound (D:5)
  A howler monkey skeleton (D:5)
  An ufetubus (D:5)
3 creatures vanquished.

Notes
Turn   | Place    | Note
-------+----------+-------------------------------------------
     0 | D:5      | cbfl8 the Minotaur Delver began the quest for the Orb.
     0 | D:5      | Reached XP level 1. HP: 19/19 MP: 0/0
    27 | D:5      | Reached XP level 2. HP: 26/27 MP: 1/1
   149 | D:5      | Found Rihatsoatz's Armour Shop.
   152 | D:5      | Found Buzoug's Assorted Antiques.
   153 | D:5      | Found Ibbosum's Book Boutique.
   162 | D:5      | Reached XP level 3. HP: 33/33 MP: 2/2
   232 | D:5      | Found Qoareuh's Jewellery Shop.
   232 | D:5      | Noticed an ice beast
   416 | D:5      | Noticed a necrophage
   429 | D:6      | Noticed a lemure
   429 | D:6      | Noticed an ice beast
   431 | D:6      | Noticed a lemure
   433 | D:6      | Noticed Pikel
   434 | D:6      | Noticed a lemure
   436 | D:6      | Noticed a lemure
   437 | D:6      | Slain by a necrophage

Illustrated notes

Levels and vault maps discovered:
D:5:      layout_basic, serial_shops, shop, grunt_ministairs_3, st_stairs_11,
          nicolae_wooded_promenade, due_unseen_surprise
D:6:      layout_basic, chequers_serial_rivers_micro_d, minmay_manual_mullet,
          uniq_pikel

Action                   || total
-------------------------++-------
Melee: Hand axe          ||    12
       Headbutt          ||     2
Armor: Leather armour    ||     4
Dodge: Dodged            ||    17
